Map: New Repugnancy LE

Players

erdasd

  • Race: Zerg Zerg
  • League: Platinum
  • Spawn Location: 1:00

pHARM - Winner!

  • Race: Zerg Zerg
  • League: Platinum
  • Spawn Location: 7:00

VOD

Have the link to the VOD?

Description

Time

  • Played on: Aug. 4, 2019, 2:32 p.m.
  • Length: 17:20
Show
View Real Time Build Order
Export as new Build Order

erdasd Zerg 

Build Orders: Pool First 

Get SALT Encoding   

  12  0:01  Drone  
  13  0:08  Drone  
  14  0:14  Extractor  
  14  0:16  Drone  
  14  0:20  Extractor  
  13  0:22  Drone  
  13  0:28  Overlord  
  16  0:42  Spawning Pool  
  16  0:46  Drone  
  16  0:49  Drone  
  17  0:53  Extractor  
  17  0:55  Drone  
  17  1:05  Drone  
  18  1:19  Hatchery  
  17  1:26  Drone  
  18  1:33  Queen  
  18  1:39  Drone  
  22  1:40  Drone  
  22  1:53  Roach Warren  
  21  1:58  Overlord  
  21  2:04  Overlord  
  21  2:15  Queen  
  24  2:22  Drone  
  24  2:23  Drone  
  25  2:31  Drone  
  25  2:32  Drone  
  27  2:37  Queen  
  27  2:41  Drone  
  30  2:44  Drone  
  30  2:51  Roach  
  33  2:53  Roach  
  33  2:57  Roach  
  37  3:02  Metabolic Boost  
  37  3:08  Roach  
  37  3:10  Roach  
  41  3:15  Roach  
  43  3:21  Overlord  
  43  3:23  Zergling x2  
  44  3:32  Overlord  
  44  3:35  Overlord  
  44  3:39  Baneling Nest  
  43  3:52  Roach x3  
  43  3:54  Zergling x2  
  43  3:55  Zergling x4  
  52  3:56  Zergling x2  
  53  4:03  Roach  
  53  4:04  Zergling x4  
  57  4:16  Zergling x2  
  59  4:17  Zergling x4, Roach  
  59  4:19  Zergling x2  
  59  4:20  Zergling x2  
  64  4:38  Zergling x2  
  64  4:39  Zergling x6  
  68  4:46  Baneling  
  68  4:47  Baneling x3  
  68  4:50  Baneling  
  68  4:52  Overlord x2  
  64  5:16  Zergling x18  
  57  5:38  Zergling x4  
  55  5:46  Zergling x2  
  55  5:47  Zergling x8  
  54  5:56  Drone  
  55  6:04  Lair  
  55  6:07  Drone, Extractor  
  55  6:08  Drone  
  56  6:31  Drone x6  
  56  6:32  Drone x2  
  64  6:39  Extractor  
  63  6:41  Drone x4  
  63  6:42  Drone, Extractor  
  67  7:02  Drone x3  
  67  7:04  Drone x4  
  67  7:08  Hatchery  
  73  7:17  Spire  
  72  7:33  Zergling x2  
  72  7:34  Zergling x14  
  72  7:35  Overlord  
  72  7:36  Overlord x2  
  80  7:53  Zergling x2  
  80  7:54  Zergling x6  
  80  7:56  Zergling x4  
  80  7:57  Zergling x2  
  87  8:10  Zergling x8  
  91  8:14  Zergling x2  
  92  8:20  Queen  
  93  8:38  Mutalisk  
  93  8:39  Mutalisk x3  
  93  8:40  Mutalisk x6  
  113  8:55  Overlord  
  113  8:56  Overlord x4  
  113  9:00  Overlord x3  
  113  9:13  Evolution Chamber, Mutalisk x3  
  113  9:14  Evolution Chamber  
  117  9:18  Mutalisk  
  117  9:38  Zergling x2  
  117  9:39  Zergling x22  
  129  9:47  Mutalisk x2  
  133  10:02  Mutalisk  
  133  10:03  Mutalisk x2  
  139  10:11  Roach x4  
  147  10:21  Roach x3  
  132  10:31  Roach  
  132  10:32  Roach x3  
  104  10:47  Roach x4  
  102  11:07  Roach  
  102  11:08  Roach x5  
  102  11:21  Mutalisk x3  
  102  11:22  Mutalisk  
  70  11:47  Drone x5  
  70  11:48  Drone x4  
  79  12:02  Drone x4  
  83  12:17  Mutalisk  
  83  12:18  Mutalisk x2  
  89  12:53  Hatchery  
  90  12:58  Roach  
  90  12:59  Roach x5  
  90  13:00  Roach  
  102  13:25  Hatchery  
  101  13:30  Drone x2  
  101  13:33  Drone x3  
  106  13:35  Drone x2  
  106  13:41  Infestation Pit  
  107  13:51  Drone x3  
  107  13:52  Drone x2  
  107  13:53  Drone  
  107  13:55  Drone  
  114  13:57  Drone  
  114  14:01  Drone  
  114  14:02  Drone  
  117  14:05  Drone  
  120  14:22  Hydralisk Den  
  117  14:25  Hive  
  117  14:30  Drone  
  117  14:31  Drone x5  
  123  14:46  Zergling x2  
  123  14:47  Zergling x12  
  123  14:48  Zergling x2  
  131  15:02  Extractor  
  131  15:05  Zergling x2  
  131  15:06  Zergling x18  
  140  15:07  Extractor  
  139  15:14  Baneling  
  139  15:15  Baneling x12  
  139  15:16  Baneling  
  139  15:17  Baneling  
  139  15:29  Baneling  
  139  15:30  Baneling x15  
  139  15:35  Centrifical Hooks  
  139  15:37  Zergling x2  
  139  15:38  Zergling x4  
  114  16:24  Zergling x6  
  114  16:25  Zergling x28  
  107  16:35  Zergling x2  
  107  16:36  Zergling x6  
  91  16:53  Zergling x2  
  91  16:54  Zergling x8  
  64  17:02  Zergling x2  
Show
View Real Time Build Order
Export as new Build Order

pHARM Zerg - Winner!

Build Orders: Hatch First 

Get SALT Encoding   

  12  0:01  Drone  
  13  0:15  Overlord  
  13  0:17  Drone  
  14  0:44  Drone x3  
  17  0:56  Hatchery  
  16  1:02  Drone  
  17  1:16  Spawning Pool  
  17  1:17  Drone  
  18  1:18  Drone  
  18  1:28  Drone  
  19  1:39  Drone  
  20  1:44  Extractor  
  19  1:49  Drone  
  20  2:03  Overlord  
  20  2:04  Queen  
  22  2:13  Queen  
  24  2:20  Drone x3  
  27  2:28  Spine Crawler  
  26  2:46  Drone x4  
  26  2:47  Drone  
  26  2:50  Baneling Nest  
  30  3:04  Drone x3  
  33  3:14  Queen  
  33  3:17  Lair  
  35  3:31  Overlord  
  35  3:32  Overlord  
  36  3:34  Zergling x2  
  36  3:37  Overlord x2  
  36  3:50  Evolution Chamber  
  35  4:00  Roach Warren  
  34  4:13  Drone  
  34  4:14  Drone x6  
  41  4:17  Zerg Missile Weapons Level 1  
  41  4:19  Drone  
  42  4:37  Extractor  
  41  4:38  Extractor  
  41  4:42  Roach x4  
  48  4:48  Spine Crawler  
  48  4:49  Spine Crawler  
  48  4:50  Roach x3, Spine Crawler  
  51  5:00  Roach, Spine Crawler x2  
  51  5:07  Roach  
  50  5:24  Roach  
  50  5:25  Roach x4  
  54  5:33  Roach x2  
  54  5:34  Roach  
  52  5:42  Roach  
  51  5:43  Roach  
  51  5:48  Roach  
  51  5:49  Roach  
  53  6:01  Drone x2  
  53  6:02  Drone x4  
  59  6:05  Glial Reconstitution  
  59  6:14  Drone x2, Queen  
  63  6:23  Drone  
  64  6:29  Drone  
  64  6:30  Drone x3  
  68  6:38  Overseer  
  68  6:45  Hatchery  
  67  6:51  Drone  
  67  6:52  Overlord x3  
  68  7:04  Zerg Missile Weapons Level 2  
  68  7:31  Roach x8  
  68  7:32  Overlord x4  
  84  8:07  Extractor  
  84  8:09  Hydralisk Den  
  82  8:14  Roach x11  
  104  8:20  Queen  
  104  8:47  Hydralisk  
  104  8:48  Hydralisk x8  
  114  8:55  Muscular Augments  
  122  8:56  Overlord x3  
  122  9:10  Overlord x2  
  122  9:14  Queen  
  124  9:25  Zerg Ground Armor Level 1  
  124  9:29  Overlord x3  
  124  9:45  Spore Crawler  
  123  9:48  Spore Crawler  
  122  9:52  Spore Crawler  
  122  9:53  Drone x6  
  122  9:54  Drone x2, Spore Crawler  
  122  9:55  Drone  
  127  10:11  Grooved Spines  
  127  10:15  Drone x3  
  130  10:23  Extractor  
  130  10:26  Roach x7  
  113  10:37  Queen x2  
  111  10:47  Spore Crawler  
  103  10:53  Spore Crawler  
  100  11:01  Hydralisk x3, Spore Crawler  
  100  11:02  Hydralisk  
  105  11:13  Hydralisk x2  
  93  11:36  Hydralisk x6  
  73  11:50  Zerg Ground Armor Level 2  
  73  12:09  Roach  
  73  12:10  Roach x6  
  87  12:51  Hydralisk x10  
  107  13:14  Drone x10  
  117  13:40  Extractor  
  116  13:43  Hatchery  
  115  14:02  Hydralisk x10  
  119  14:05  Overlord  
  135  14:11  Drone x3  
  135  14:12  Drone  
  139  14:53  Infestation Pit  
  139  14:55  Spore Crawler  
  137  15:03  Roach x12  
  161  15:31  Hive  
  149  16:18  Hydralisk x9  
  149  16:19  Hydralisk x7  
  181  16:29  Extractor x2  
  169  16:35  Hatchery  
  169  16:36  Hydralisk x8  
  169  16:37  Overlord  
  154  17:01  Roach  
Tags
 
Add a new tag
Caveats
  • Supply blocks, unpowered buildings, or Contaminate may cause inaccurate times.
  • Supply counts are checked every 10 seconds.